Map: Frozen Temple

Players

Pokebunny

  • Race: Terran Terran
  • League: Grandmaster

Voltz - Winner!

  • Race: Zerg Zerg
  • League: Grandmaster

VOD

Have the link to the VOD?

Description

Time

  • Played on: April 4, 2016, 11:56 p.m.
  • Length: 17:36
Show
View Real Time Build Order
Export as new Build Order

Pokebunny Terran 

Build Orders: Reaper Expand, Bio Tank 

Get SALT Encoding   

  12  0:01  SCV  
  13  0:13  SCV  
  14  0:17  Supply Depot  
  14  0:25  SCV  
  15  0:39  SCV  
  15  0:40  Barracks  
  16  0:44  Refinery  
  16  0:51  SCV  
  17  1:03  SCV  
  18  1:15  SCV  
  19  1:27  Orbital Command  
  19  1:28  Reaper  
  20  1:39  Command Center  
  20  1:52  Supply Depot  
  20  1:53  SCV  
  21  2:00  Barracks Reactor  
  21  2:03  Barracks  
  21  2:05  SCV  
  22  2:15  Barracks  
  22  2:18  SCV  
  23  2:27  Refinery  
  23  2:35  SCV  
  24  2:44  Marine x2  
  24  2:48  SCV  
  24  2:50  Factory  
  27  2:52  Barracks Tech Lab  
  27  2:54  Orbital Command  
  27  3:01  Marine x2  
  27  3:03  Marine  
  30  3:12  Stimpack  
  30  3:13  Marine  
  30  3:16  SCV  
  32  3:25  Marine x3  
  35  3:37  Starport, Factory Reactor  
  35  3:38  Marine  
  35  3:41  SCV  
  36  3:42  SCV  
  36  3:46  Supply Depot  
  37  3:55  Supply Depot  
  37  3:56  SCV x2  
  37  3:58  Marine x2  
  37  3:59  Marine  
  37  4:00  Marine  
  43  4:10  SCV x2  
  43  4:16  Marine  
  46  4:17  Supply Depot  
  46  4:22  SCV x2  
  48  4:24  Medivac x2  
  48  4:27  Marine  
  48  4:28  Marine  
  48  4:29  Marine  
  55  4:34  SCV x2  
  55  4:37  Marine  
  55  4:38  Factory Tech Lab  
  58  4:41  Supply Depot  
  58  4:46  Barracks Reactor, Marine  
  58  4:50  SCV  
  58  4:51  Marine, SCV  
  62  5:01  Command Center  
  62  5:04  SCV x2  
  62  5:06  Marine x2  
  66  5:14  Marine  
  67  5:24  Marine  
  65  5:29  Marine  
  65  5:30  Marine x2  
  65  5:31  Siege Tank, Marine  
  65  5:32  Combat Shields  
  72  5:36  Engineering Bay  
  72  5:37  Engineering Bay  
  72  5:38  Refinery  
  72  5:39  Refinery  
  72  5:42  Bunker  
  72  5:45  Marine  
  72  5:47  Marine, SCV  
  72  5:48  SCV  
  76  5:50  Marine x2  
  76  5:54  Supply Depot  
  78  6:10  Terran Infantry Armor Level 1, Terran Infantry Weapons Level 1  
  78  6:12  Marine  
  78  6:13  Siege Tank  
  78  6:15  Marine x3  
  78  6:16  Marine  
  86  6:24  Supply Depot  
  86  6:30  Marine  
  85  6:33  Marine x4  
  88  6:42  Barracks  
  88  6:43  Barracks, Supply Depot  
  88  6:45  Siege Tank  
  85  6:52  Supply Depot, Marine  
  86  6:54  Marine x3  
  86  6:55  Marine  
  86  7:00  Orbital Command  
  89  7:11  Medivac x2  
  93  7:21  Marine  
  93  7:22  Siege Tank, Marine  
  97  7:30  Barracks Reactor x2  
  97  7:34  SCV x2  
  97  7:35  Armory  
  97  7:49  Medivac  
  94  7:58  Siege Tank  
  80  8:04  Marine x5  
  84  8:07  Marine x2  
  84  8:08  Marine x2  
  84  8:09  Orbital Command, SCV x2  
  90  8:13  Supply Depot  
  90  8:14  Supply Depot  
  90  8:22  SCV x2  
  92  8:28  Terran Infantry Weapons Level 2, Terran Infantry Armor Level 2, Marine  
  92  8:29  Marine x4  
  97  8:34  SCV x2  
  97  8:38  Terran Vehicle Weapons Level 1  
  97  8:41  Supply Depot  
  99  8:44  Marine  
  99  8:47  Siege Tank  
  103  8:49  Supply Depot  
  103  8:50  SCV x2  
  103  8:51  SCV  
  106  9:06  Marine x6  
  109  9:24  Siege Tank  
  109  9:25  SCV x3  
  109  9:26  Medivac  
  109  9:27  Medivac  
  109  9:29  Command Center  
  109  9:30  Refinery  
  109  9:31  Refinery  
  116  9:35  Barracks  
  116  9:36  Barracks x2  
  116  9:47  Marine x5  
  116  9:48  Marine x2  
  116  9:49  Marauder  
  125  9:58  Marine  
  126  10:00  Siege Tank, Supply Depot  
  126  10:04  Marine  
  126  10:05  Marine  
  128  10:10  Marauder  
  128  10:12  Medivac  
  128  10:13  Medivac  
  112  10:17  Marine x6  
  118  10:22  Marine  
  118  10:25  Barracks Tech Lab  
  118  10:26  Barracks Reactor, Barracks Tech Lab  
  119  10:32  Marine, Marauder  
  119  10:34  Marine  
  119  10:35  Marine  
  124  10:36  Liberator  
  124  10:40  Siege Tank  
  123  10:53  Starport, Marauder  
  123  10:54  Fusion Core  
  123  10:56  Orbital Command  
  124  11:03  Supply Depot  
  124  11:04  Marine, Marauder  
  124  11:05  Marine x6, Marauder  
  124  11:06  Concussive Shells  
  135  11:19  Terran Infantry Weapons Level 3  
  135  11:39  Liberator x2  
  135  11:43  Marine x2  
  135  11:44  Marine x2, Marauder x2  
  135  11:45  Marine x6, Marauder  
  157  12:01  Marine x2  
  157  12:02  Marine x3  
  162  12:09  Supply Depot, Starport Tech Lab  
  162  12:12  Supply Depot  
  162  12:13  Siege Tank  
  165  12:27  Marine x3, Marauder x3  
  165  12:28  Marine x5  
  179  12:39  Liberator x2  
  179  12:40  Liberator  
  179  12:42  Marine x2  
  181  12:44  Marine  
  181  12:45  Marine x2  
  181  12:48  Marauder  
  186  12:56  Advanced Ballistics  
  195  13:02  Marine  
  195  13:03  Marine x2, Marauder  
  200  13:11  Terran Infantry Armor Level 3  
  199  13:23  Liberator  
  200  13:44  Barracks Tech Lab  
  191  14:10  Liberator x3, Marine x3, Marauder  
  191  14:11  Marauder x2  
  153  14:24  Marine x7  
  143  14:28  Marine x3  
  159  14:32  Marine, Marauder x2  
  164  14:42  Marine x3  
  164  14:43  Siege Tank  
  152  15:08  Marine x9, Marauder x2  
  152  15:09  Marine  
  163  15:16  Siege Tank  
  163  15:20  Liberator x3  
  118  15:47  Marine  
  118  15:48  Marine x5, Marauder x3  
  127  15:53  Siege Tank  
  130  15:57  Refinery x2  
  130  15:58  Marine  
  130  15:59  Marine x3  
  134  16:05  Liberator x2, Marine  
  134  16:06  Liberator, Marine  
  134  16:09  Marauder  
  145  17:01  Orbital Command  
  145  17:02  Siege Tank  
  148  17:14  Marauder  
Show
View Real Time Build Order
Export as new Build Order

Voltz Zerg - Winner!

Build Orders: Hatch First 

Get SALT Encoding   

  12  0:01  Drone  
  13  0:12  Overlord  
  13  0:17  Drone  
  14  0:31  Drone x2  
  14  0:34  Drone  
  17  0:51  Hatchery  
  17  0:54  Drone  
  17  0:57  Drone  
  18  1:09  Extractor  
  17  1:13  Spawning Pool  
  17  1:15  Drone  
  18  1:18  Drone  
  18  1:28  Drone  
  19  1:40  Overlord  
  19  1:51  Drone  
  20  1:59  Queen  
  20  2:00  Zergling x2  
  23  2:02  Queen  
  23  2:03  Zergling x2  
  23  2:08  Metabolic Boost  
  26  2:11  Drone  
  26  2:14  Drone  
  28  2:22  Drone  
  29  2:29  Drone  
  30  2:35  Drone  
  30  2:40  Queen  
  32  2:44  Overlord  
  32  2:45  Drone  
  32  2:47  Zergling x2  
  34  2:54  Drone  
  35  3:03  Pneumatized Carapace  
  35  3:04  Overlord  
  35  3:05  Drone  
  36  3:12  Drone  
  37  3:13  Overlord  
  37  3:14  Drone x2  
  37  3:15  Drone  
  37  3:16  Drone x2  
  41  3:29  Zergling x2  
  41  3:31  Drone x2  
  44  3:37  Drone  
  45  3:44  Roach Warren  
  45  3:45  Evolution Chamber  
  45  3:46  Drone x2  
  45  3:47  Evolution Chamber  
  44  3:50  Drone  
  45  3:55  Lair  
  45  3:56  Drone  
  45  3:57  Drone  
  45  3:58  Drone  
  45  3:59  Drone, Spore Crawler  
  45  4:00  Extractor  
  45  4:01  Spore Crawler  
  46  4:03  Extractor  
  46  4:06  Overlord  
  46  4:07  Overlord  
  45  4:17  Hatchery  
  45  4:20  Drone  
  45  4:21  Drone  
  45  4:23  Drone  
  47  4:25  Drone  
  47  4:26  Drone  
  49  4:35  Roach x2  
  49  4:36  Roach  
  49  4:38  Roach  
  57  4:43  Roach  
  59  4:48  Roach  
  59  4:51  Queen  
  59  4:52  Zerg Missile Weapons Level 1  
  63  5:00  Drone  
  63  5:01  Overlord  
  63  5:03  Drone x3, Extractor  
  66  5:11  Roach  
  68  5:20  Overlord  
  66  5:22  Roach x2  
  66  5:25  Roach  
  71  5:33  Roach x2  
  75  5:38  Zerg Ground Armor Level 1  
  75  5:40  Glial Reconstitution  
  75  5:41  Overlord  
  75  5:42  Overlord  
  75  5:51  Hatchery  
  75  5:52  Overlord  
  75  5:53  Ravager x2  
  75  5:57  Roach  
  78  6:01  Drone x2  
  80  6:05  Drone  
  80  6:06  Infestation Pit  
  80  6:08  Drone  
  80  6:09  Drone  
  80  6:10  Drone  
  83  6:15  Drone x3  
  86  6:38  Infestation Pit  
  85  6:43  Drone x4  
  85  6:44  Overlord  
  85  6:45  Drone x6  
  95  6:47  Zerg Melee Weapons Level 1  
  95  6:57  Drone x2  
  97  7:01  Overlord  
  97  7:08  Roach  
  97  7:09  Roach x3  
  97  7:11  Ravager x7  
  97  7:14  Roach  
  110  7:24  Roach x5  
  118  7:30  Overlord  
  118  7:31  Zergling x2, Overlord  
  118  7:32  Zergling x2, Queen  
  118  7:34  Extractor x2  
  122  7:38  Overlord  
  122  7:41  Queen  
  122  7:42  Hive  
  102  8:00  Roach x9  
  116  8:07  Drone  
  116  8:08  Queen  
  119  8:15  Zergling x2  
  119  8:16  Zergling x4  
  119  8:17  Queen  
  124  8:20  Overlord x2  
  124  8:24  Zerg Ground Armor Level 2  
  124  8:26  Drone x4  
  128  8:31  Overlord  
  128  8:36  Zergling x4  
  128  8:37  Hatchery  
  129  8:55  Adrenal Glands  
  129  8:57  Zergling x2, Ultralisk Cavern  
  129  8:58  Zergling x16, Queen  
  139  9:05  Ravager x5  
  139  9:07  Roach  
  139  9:09  Roach x2  
  143  9:22  Infestor  
  138  9:29  Infestor  
  138  9:31  Zergling x14  
  147  9:32  Infestor, Queen x2  
  154  9:38  Zergling x6  
  155  9:50  Queen  
  155  9:52  Chitinous Plating  
  157  9:58  Ultralisk  
  157  9:59  Drone  
  164  10:00  Drone x3  
  159  10:08  Extractor  
  159  10:09  Extractor  
  159  10:11  Ultralisk  
  159  10:13  Drone x6  
  159  10:20  Zergling x12  
  165  10:27  Nydus Network  
  164  10:28  Drone  
  164  10:29  Drone x3  
  164  10:35  Overlord  
  165  10:44  Overlord x2  
  164  10:53  Overlord x2  
  164  10:54  Drone x4  
  168  10:58  Ultralisk  
  174  11:06  Ultralisk x2  
  186  11:17  Nydus Canal  
  186  11:19  Ultralisk  
  192  11:30  Zergling x2  
  192  11:31  Zergling x12  
  197  11:43  Hatchery  
  197  11:44  Ultralisk  
  197  11:45  Ultralisk  
  198  11:49  Nydus Canal  
  198  11:50  Zergling x4  
  200  12:00  Spire, Spore Crawler x2  
  200  12:01  Spine Crawler  
  196  12:06  Nydus Canal  
  196  12:21  Nydus Canal  
  196  12:30  Zerg Ground Armor Level 3, Zerg Melee Weapons Level 2  
  196  12:32  Extractor  
  196  12:34  Extractor  
  196  12:35  Nydus Canal  
  194  12:49  Nydus Canal  
  194  12:50  Spine Crawler  
  188  12:51  Drone x3  
  189  13:04  Nydus Canal  
  185  13:12  Ultralisk x3  
  195  13:44  Zerg Flyer Armor Level 1  
  195  13:46  Spore Crawler  
  195  13:47  Spine Crawler  
  193  13:50  Corruptor x3  
  199  13:56  Hatchery  
  198  14:04  Corruptor  
  164  14:18  Corruptor  
  164  14:19  Corruptor x9  
  164  14:23  Ultralisk x3  
  193  14:33  Ultralisk  
  196  14:40  Corruptor x2  
  190  14:51  Ultralisk  
  178  15:12  Ultralisk x2  
  175  15:23  Infestor x3  
  169  15:31  Ultralisk  
  167  15:43  Infestor  
  167  15:51  Ultralisk  
  167  15:54  Drone  
  167  15:55  Drone x5  
  179  15:58  Nydus Canal  
  179  16:01  Zergling x4  
  179  16:02  Zergling x16  
  185  16:04  Zergling x2  
  185  16:11  Drone x2  
  188  16:19  Nydus Canal  
  188  16:21  Ultralisk  
  194  16:27  Ultralisk  
  195  16:52  Queen  
  195  16:54  Queen  
  191  16:56  Zergling x2  
  191  16:57  Zergling x12  
  200  17:03  Extractor  
  200  17:04  Extractor  
  200  17:07  Hatchery  
  200  17:08  Zergling x6  
Tags
 
Add a new tag
Caveats
  • Supply blocks, unpowered buildings, or Contaminate may cause inaccurate times.
  • Supply counts are checked every 10 seconds.